 Dungeon Sprint DCSS version 0.29.1-2-gbd0b4ee654 (webtiles) character file.

Game seed: 3311

14600000 Ashen the Axe Maniac (level 27, -97/249 HPs)
             Began as a Demonspawn Warper on Oct 26, 2022.
             Was the Champion of Makhleb.
             Annihilated by a fleshlord
             ... wielding a +9 great mace
              (318 damage)
             ... in the Dungeon (Sprint VIII: "Arena of Blood").
             The game lasted 00:06:02 (146 turns).

Ashen the Axe Maniac (Demonspawn Warper)             Turns: 146, Time: 00:06:02

Health: -97/249    AC:  6    Str: 12    XL:     27
Magic:  54/54      EV: 31    Int: 27    God:    Makhleb [******]
Gold:   0          SH:  0    Dex: 14    Spells: 80/80 levels left

rFire   . . .      SeeInvis +   j - +∞ Axe of Woe
rCold   . . .      Faith    .   (shield currently unavailable)
rNeg    . . .      Spirit   .   b - +0 leather armour
rPois   .          Reflect  .   (no helmet)
rElec   .          Harm     .   (cloak unavailable)
rCorr   .          Rampage  .   (no gloves)
Will    ++...      NoTele   +   (no boots)
Stlth   +++++++++.              (no amulet)
HPRegen 10.51/turn              k - ring of see invisible
MPRegen 0.34/turn               (no ring)

@: mighty, agile, on berserk cooldown, slowed, very slow
A: powered by death 3, powered by pain 3, augmentation 3, sturdy frame 3,
weakness stinger 3
a: Renounce Religion, Minor Destruction, Lesser Servant of Makhleb, Major
Destruction, Greater Servant of Makhleb


You were in the Dungeon.
You worshipped Makhleb.
Makhleb was exalted by your worship.
You visited 1 branch

Inventory:

Hand Weapons
 a - a +0 hand axe
 j - the +∞ Axe of Woe (weapon)
   (You found it in the Dungeon)
Missiles
 d - 7 boomerangs of dispersal (quivered)
Armour
 b - a +0 leather armour (worn)
Jewellery
 k - a ring of see invisible (left hand)
Potions
 e - a potion of curing
 g - a potion of haste
 h - 2 potions of magic


   Skills:
 O Level 27 Fighting
 O Level 27 Short Blades
 O Level 27 Long Blades
 O Level 27 Axes
 O Level 27 Maces & Flails
 O Level 27 Polearms
 O Level 27 Staves
 O Level 27 Ranged Weapons
 O Level 27 Throwing
 O Level 27 Armour
 O Level 27 Dodging
 O Level 27 Stealth
 O Level 27 Shields
 O Level 27 Unarmed Combat
 O Level 27 Spellcasting
 O Level 27 Conjurations
 O Level 27 Hexes
 O Level 27 Summonings
 O Level 27 Necromancy
 O Level 27 Translocations
 O Level 27 Transmutations
 O Level 27 Fire Magic
 O Level 27 Ice Magic
 O Level 27 Air Magic
 O Level 27 Earth Magic
 O Level 27 Poison Magic
 O Level 27 Invocations
 O Level 27 Evocations


You had 80 spell levels left.
You didn't know any spells.
Your spell library contained the following spells:

 Spells                   Type           Power      Damage    Failure   Level
 Blink                    Tloc           100%       N/A       0%          2
 Gell's Gravitas          Tloc           100%       N/A       0%          3
 Lesser Beckoning         Tloc           100%       N/A       0%          3
 Teleport Other           Tloc           100%       N/A       0%          3
 Manifold Assault         Tloc           100%       N/A       0%          5


Dungeon Overview and Level Annotations

Branches:
Dungeon (1/1)

Altars:
Makhleb


Innate Abilities, Weirdness & Mutations

You regenerate a lot of health from kills.
You are powered by pain.
Your magical and physical power is greatly enhanced at high health.
Your movements are significantly less encumbered by armour. (ER -6)
You have a sharp stinger which inflicts weakening toxins.


Message History

You feel more agile all of a sudden.
The large bag of meat is engulfed in blazing flames.
You hear a shout! x2
The accursed points at you and mumbles some strange words.
Something smites you!
* * * LOW HITPOINT WARNING * * *
The fleshlord mumbles some strange words.
The fleshlord seems to speed up.
You hear a shout! x4; You hear a roar!
You slice the sculptor of flesh!!
You slaughter the sculptor of flesh joyfully.
You destroy the sculptor of flesh!
Makhleb accepts your kill.
You feel better.
You hear a bark!
You hear an angry hiss.
You hear a shout! x3
The tyrant mumbles some strange words.
You hear a shout! x5
A wretched soul comes into view.
You hear a shout! x2
You hit the bag of meat.
You pulverise the bag of meat into a thin bloody mist.
You kill the bag of meat!
Makhleb accepts your kill.
You feel better.
You slice the wretched soul!!
You slaughter the wretched soul joyfully.
You destroy the wretched soul!
Makhleb accepts your kill.
You feel better.
You slash the fleshlord!
You cleave the fleshlord in twain.
You kill the fleshlord!
Makhleb accepts your kill.
You feel better.
You slice the dread!!
You cleave the dread in twain.
You destroy the dread!
Makhleb accepts your kill.
You feel better.
The tentacled monstrosity disappears in a puff of smoke!
The large abomination disappears in a puff of smoke! x2
You hear a shout! x4
The fleshlord hits you with a +9 great mace!!!!!!
Ouch! That really hurt!
You die...

#################
####.....)).)p).)))###
###....).)).§))))...))..
.......@p)##)##.#####...
.......Lo§X)XL..........
...####))..)##.##......)
.. ..Wp.§...oXX.......)
...MM....)#.#.......
W..Wz..)..........##
o#......).).........
V..#....W.)).......o
p...........)).......


You could see 2 accurseds, 2 tentacled monstrosities, 2 tyrants, 2 fleshlords, a
sculptor of flesh, a large abomination (summoned), a dread, 2 wretched souls and
2 bags of meat.

Vanquished Creatures
  4 hell knights (D)
  Sigmund (D)
  6 hell beasts (D)
  4 royal mummies (D)
  2 great orbs of eyes (D)
  4 wraiths (D)
  9 vampire knights (D)
  31 ogres (D)
  3 two-headed ogres (D)
  3 liches (D)
  A hydra (D)
  4 phantoms (D)
  58 orcs (D)
  6 skeletal warriors (D)
  4 sea snakes (D)
140 creatures vanquished.

Notes
Turn   | Place    | Note
-------+----------+-------------------------------------------
     0 | D        | Found the +∞ Axe of Woe
     0 | D        | Ashen the Demonspawn Warper began the quest for the Orb.
     0 | D        | Reached XP level 1. HP: 16/16 MP: 3/3
     1 | D        | Noticed a meat berserker
     1 | D        | Noticed a bag of meat
     2 | D        | Noticed a bag of meat
     3 | D        | Killed a meat berserker
     4 | D        | Gained mutation: Your movements are slightly less
                  | encumbered by armour. (ER -2) [demonic ancestry]
     4 | D        | Reached XP level 2. HP: 47/47 MP: 5/5
     4 | D        | Gained mutation: Your movements are less encumbered by
                  | armour. (ER -4) [demonic ancestry]
     4 | D        | Reached XP level 3. HP: 53/53 MP: 6/6
     4 | D        | Reached XP level 4. HP: 60/60 MP: 7/7
     4 | D        | Reached XP level 5. HP: 67/67 MP: 8/8
     4 | D        | Gained mutation: You sometimes gain a little power by
                  | taking damage. [demonic ancestry]
     4 | D        | Reached XP level 6. HP: 74/74 MP: 9/9
     4 | D        | Reached XP level 7. HP: 80/80 MP: 10/10
     4 | D        | Gained mutation: You have a small tail. [demonic ancestry]
     4 | D        | Reached XP level 8. HP: 87/87 MP: 11/11
     4 | D        | Gained mutation: You have a tail ending in a sharp stinger.
                  | [demonic ancestry]
     4 | D        | Reached XP level 9. HP: 94/94 MP: 12/12
     4 | D        | Gained mutation: You sometimes gain power by taking damage.
                  | [demonic ancestry]
     4 | D        | Reached XP level 10. HP: 101/101 MP: 13/13
     4 | D        | Gained mutation: You regenerate a little health from kills.
                  | [demonic ancestry]
     4 | D        | Reached XP level 11. HP: 107/107 MP: 14/14
     4 | D        | Became a worshipper of Makhleb the Destroyer
     6 | D        | Noticed a bag of meat
     6 | D        | Noticed a meat berserker
     7 | D        | Noticed a bag of meat
     8 | D        | Noticed a bag of meat
     8 | D        | Noticed a meat berserker
     9 | D        | Noticed a bag of meat
    10 | D        | Noticed a bag of meat
    10 | D        | Noticed a bag of meat
    10 | D        | Noticed a meat berserker
    11 | D        | Killed a bag of meat
    11 | D        | Noticed a bag of meat
    12 | D        | Gained mutation: Your magical and physical power is
                  | slightly enhanced at high health. [demonic ancestry]
    12 | D        | Reached XP level 12. HP: 118/118 MP: 15/15
    12 | D        | Killed a bag of meat
    12 | D        | Reached * piety under Makhleb
    12 | D        | Noticed a meat berserker
    12 | D        | Noticed a bag of meat
    12 | D        | Noticed a bag of meat
    12 | D        | Noticed a bag of meat
    13 | D        | Gained mutation: Your magical and physical power is
                  | enhanced at high health. [demonic ancestry]
    13 | D        | Reached XP level 13. HP: 127/127 MP: 16/16
    13 | D        | Killed a bag of meat
    13 | D        | Killed a meat berserker
    13 | D        | Noticed a bag of meat
    13 | D        | Noticed a bag of meat
    14 | D        | Reached skill level 27 in Axes
    14 | D        | Gained mutation: You are powered by pain. [demonic
                  | ancestry]
    14 | D        | Reached XP level 14. HP: 146/146 MP: 17/17
    14 | D        | Killed a bag of meat
    14 | D        | Reached ** piety under Makhleb
    15 | D        | Noticed a bag of meat
    15 | D        | Noticed a bag of meat
    15 | D        | Noticed a bag of meat
    15 | D        | Noticed a bag of meat
    15 | D        | Noticed a meat berserker
    16 | D        | Killed a meat berserker
    16 | D        | Killed a bag of meat
    16 | D        | Noticed a bag of meat
    16 | D        | Noticed a bag of meat
    17 | D        | Reached skill level 27 in Fighting
    17 | D        | Reached XP level 15. HP: 159/159 MP: 17/26
    17 | D        | Killed a meat berserker
    17 | D        | Reached *** piety under Makhleb
    17 | D        | Killed a meat berserker
    17 | D        | Reached **** piety under Makhleb
    18 | D        | Gained mutation: You have a sharp stinger which inflicts
                  | weakening toxins. [demonic ancestry]
    18 | D        | Reached XP level 16. HP: 167/167 MP: 17/33
    18 | D        | Noticed a meat berserker
    19 | D        | Noticed a destroyer
    19 | D        | Noticed a destroyer
    21 | D        | Reached skill level 15 in Spellcasting
    21 | D        | Reached ***** piety under Makhleb
    22 | D        | Reached skill level 5 in Throwing
    22 | D        | Reached skill level 5 in Armour
    22 | D        | Killed a meat berserker
    22 | D        | Killed a meat berserker
    22 | D        | Noticed a meat berserker
    23 | D        | Reached skill level 27 in Translocations
    23 | D        | Reached XP level 17. HP: 174/174 MP: 18/43
    24 | D        | Killed a destroyer
    24 | D        | Reached ****** piety under Makhleb
    25 | D        | Gained mutation: You regenerate health from kills. [demonic
                  | ancestry]
    25 | D        | Reached XP level 18. HP: 182/182 MP: 18/47
    25 | D        | Noticed a large bag of meat
    26 | D        | Reached skill level 10 in Throwing
    26 | D        | Reached skill level 10 in Armour
    26 | D        | Reached skill level 27 in Spellcasting
    27 | D        | Reached skill level 27 in Dodging
    27 | D        | Reached XP level 19. HP: 189/189 MP: 18/50
    27 | D        | Killed a destroyer
    27 | D        | Noticed a destroyer
    28 | D        | Noticed a large bag of meat
    28 | D        | Killed a meat berserker
    29 | D        | Noticed a meat berserker
    30 | D        | Noticed a destroyer
    30 | D        | Noticed a meat berserker
    32 | D        | Killed a destroyer
    33 | D        | Reached XP level 20. HP: 134/197 MP: 46/51
    33 | D        | Killed a meat berserker
    34 | D        | Killed a large bag of meat
    34 | D        | Noticed a large bag of meat
    35 | D        | Reached skill level 27 in Throwing
    35 | D        | Reached skill level 27 in Armour
    35 | D        | Noticed a meat berserker
    37 | D        | Killed a meat berserker
    38 | D        | Reached skill level 5 in Stealth
    38 | D        | Reached skill level 5 in Conjurations
    38 | D        | Reached skill level 5 in Hexes
    38 | D        | Reached skill level 5 in Summonings
    38 | D        | Reached skill level 5 in Necromancy
    38 | D        | Reached skill level 5 in Poison Magic
    38 | D        | Reached skill level 5 in Evocations
    38 | D        | Killed a large bag of meat
    38 | D        | Killed a destroyer
    39 | D        | Reached skill level 10 in Invocations
    39 | D        | Gained mutation: Your magical and physical power is greatly
                  | enhanced at high health. [demonic ancestry]
    39 | D        | Reached XP level 21. HP: 190/204 MP: 52/52
    41 | D        | Noticed a destroyer
    42 | D        | Killed a large bag of meat
    46 | D        | Reached skill level 10 in Necromancy
    48 | D        | Noticed an accursed
    51 | D        | Killed a destroyer
    53 | D        | Reached XP level 22. HP: 212/212 MP: 53/53
    55 | D        | Reached skill level 27 in Stealth
    56 | D        | Reached skill level 10 in Short Blades
    56 | D        | Reached skill level 10 in Shields
    56 | D        | Reached skill level 10 in Unarmed Combat
    56 | D        | Reached skill level 10 in Conjurations
    56 | D        | Reached skill level 10 in Hexes
    56 | D        | Reached skill level 10 in Summonings
    56 | D        | Reached skill level 10 in Transmutations
    56 | D        | Reached skill level 10 in Fire Magic
    56 | D        | Reached skill level 10 in Ice Magic
    56 | D        | Reached skill level 10 in Air Magic
    56 | D        | Reached skill level 10 in Earth Magic
    56 | D        | Reached skill level 10 in Poison Magic
    56 | D        | Reached skill level 10 in Evocations
    56 | D        | Noticed an accursed
    59 | D        | Noticed a meat beast
    60 | D        | Reached skill level 10 in Long Blades
    60 | D        | Reached skill level 10 in Maces & Flails
    60 | D        | Reached skill level 10 in Polearms
    60 | D        | Reached skill level 10 in Staves
    60 | D        | Reached skill level 10 in Ranged Weapons
    60 | D        | Reached skill level 15 in Invocations
    63 | D        | Reached XP level 23. HP: 197/219 MP: 54/54
    63 | D        | Killed a meat beast
    64 | D        | Reached skill level 15 in Necromancy
    65 | D        | Noticed a meat beast
    69 | D        | Killed a meat beast
    70 | D        | Reached skill level 15 in Short Blades
    70 | D        | Reached skill level 15 in Transmutations
    70 | D        | Reached skill level 15 in Fire Magic
    70 | D        | Reached skill level 15 in Ice Magic
    70 | D        | Reached skill level 15 in Air Magic
    70 | D        | Reached skill level 15 in Earth Magic
    70 | D        | Reached XP level 24. HP: 184/227 MP: 54/54
    70 | D        | Noticed a destroyer
    72 | D        | Killed an accursed
    73 | D        | Reached skill level 15 in Long Blades
    73 | D        | Reached skill level 15 in Maces & Flails
    73 | D        | Reached skill level 15 in Polearms
    73 | D        | Reached skill level 15 in Staves
    73 | D        | Reached skill level 15 in Ranged Weapons
    73 | D        | Reached skill level 15 in Shields
    73 | D        | Reached skill level 15 in Unarmed Combat
    75 | D        | Killed an accursed
    76 | D        | Gained mutation: You regenerate a lot of health from kills.
                  | [demonic ancestry]
    76 | D        | Reached XP level 25. HP: 229/234 MP: 54/54
    79 | D        | Noticed a meat beast
    82 | D        | Killed a meat beast
    84 | D        | Noticed a dread
    84 | D        | Noticed a destroyer
    85 | D        | Noticed a destroyer
    86 | D        | Killed a destroyer
    87 | D        | Reached XP level 26. HP: 221/242 MP: 54/54
    88 | D        | Killed a dread
    89 | D        | Killed a destroyer
    89 | D        | Noticed a tyrant
    90 | D        | Reached skill level 27 in Invocations
    90 | D        | Noticed The Captor
    92 | D        | Killed a tyrant
    94 | D        | Noticed a tyrant
    95 | D        | Killed a destroyer
    96 | D        | Gained mutation: Your movements are significantly less
                  | encumbered by armour. (ER -6) [demonic ancestry]
    96 | D        | Reached XP level 27. HP: 249/249 MP: 54/54
    97 | D        | Killed The Captor
   100 | D        | Killed a tyrant
   106 | D        | Noticed a dread
   107 | D        | Killed a dread
   108 | D        | Reached skill level 27 in Necromancy
   113 | D        | Noticed a dread
   113 | D        | Noticed a meat beast
   117 | D        | Noticed a tyrant
   118 | D        | Killed a meat beast
   119 | D        | Reached skill level 27 in Hexes
   119 | D        | Reached skill level 27 in Poison Magic
   119 | D        | Reached skill level 27 in Evocations
   120 | D        | Noticed an accursed
   120 | D        | Noticed a tyrant
   124 | D        | Reached skill level 27 in Summonings
   124 | D        | Noticed a meat beast
   124 | D        | Noticed a destroyer
   126 | D        | Reached skill level 27 in Conjurations
   126 | D        | Killed a tyrant
   126 | D        | Noticed a fleshlord
   126 | D        | Noticed a fleshlord
   129 | D        | Noticed an accursed
   133 | D        | Killed a meat beast
   134 | D        | Reached skill level 27 in Short Blades
   134 | D        | Reached skill level 27 in Long Blades
   134 | D        | Reached skill level 27 in Maces & Flails
   134 | D        | Reached skill level 27 in Polearms
   134 | D        | Reached skill level 27 in Staves
   134 | D        | Reached skill level 27 in Ranged Weapons
   134 | D        | Reached skill level 27 in Shields
   134 | D        | Reached skill level 27 in Unarmed Combat
   134 | D        | Reached skill level 27 in Transmutations
   134 | D        | Reached skill level 27 in Fire Magic
   134 | D        | Reached skill level 27 in Ice Magic
   134 | D        | Reached skill level 27 in Air Magic
   134 | D        | Reached skill level 27 in Earth Magic
   134 | D        | Killed a fleshlord
   134 | D        | Killed a destroyer
   134 | D        | Noticed a dread
   135 | D        | Killed a fleshlord
   136 | D        | Noticed a fleshlord
   137 | D        | Noticed a dread
   138 | D        | Noticed a meat beast
   138 | D        | Noticed an accursed
   139 | D        | Noticed a large bag of meat
   139 | D        | Killed an accursed
   139 | D        | Noticed a fleshlord
   139 | D        | Noticed a destroyer
   139 | D        | Noticed a tyrant
   140 | D        | Noticed a fleshlord
   140 | D        | Noticed a fleshlord
   140 | D        | Noticed an accursed
   140 | D        | Noticed a fleshlord
   142 | D        | Killed a meat beast
   142 | D        | Killed a fleshlord
   144 | D        | Killed an accursed
   144 | D        | Killed a dread
   146 | D        | Killed a fleshlord
   146 | D        | Killed a dread
   146 | D        | Annihilated by a fleshlord

Illustrated notes

Levels and vault maps discovered:
D:        meatsprint

Skill      XL: |  1  2  3  4  5  6  7  8  9 10 11 12 13 14 15 16 17 18 19 20 21 22 23 24 25 26 27 |
---------------+----------------------------------------------------------------------------------+-----
Fighting       | 17 18 20 24 27 | 27.0
Axes           | 21 23 25 27 | 27.0
Throwing       | 2 4 7 9 14 25 27 | 27.0
Armour         | 2 4 7 9 14 25 27 | 27.0
Dodging        | 6 11 20 22 27 | 27.0
Spellcasting   | 7 13 22 25 27 | 27.0
Translocations | 13 21 27 | 27.0
Short Blades   | 7 9 11 15 16 19 21 27 | 27.0
Long Blades    | 6 8 11 14 16 18 20 27 | 27.0
Maces & Flails | 6 8 11 14 16 18 20 27 | 27.0
Polearms       | 6 8 11 14 16 18 20 27 | 27.0
Staves         | 6 8 11 14 16 18 20 27 | 27.0
Ranged Weapons | 6 8 11 14 16 18 20 27 | 27.0
Stealth        | 7 25 27 | 27.0
Shields        | 7 9 11 14 16 19 21 27 | 27.0
Unarmed Combat | 7 9 11 14 16 19 21 27 | 27.0
Conjurations   | 7 9 13 16 18 20 22 27 | 27.0
Hexes          | 7 9 13 16 18 20 22 27 | 27.0
Summonings     | 7 9 13 16 18 20 22 27 | 27.0
Necromancy     | 8 10 14 17 19 22 24 27 | 27.0
Transmutations | 7 9 11 15 16 19 21 27 | 27.0
Fire Magic     | 7 9 12 15 16 19 21 27 | 27.0
Ice Magic      | 7 9 11 15 16 19 21 27 | 27.0
Air Magic      | 7 9 11 15 16 19 21 27 | 27.0
Earth Magic    | 7 9 11 15 16 19 21 27 | 27.0
Poison Magic   | 7 9 13 16 18 20 22 27 | 27.0
Invocations    | 10 12 16 20 22 25 27 | 27.0
Evocations     | 7 9 13 16 18 20 22 27 | 27.0

Action                   |  1- 3 |  4- 6 |  7- 9 | 10-12 | 13-15 | 16-18 | 19-21 | 22-24 | 25-27 || total
-------------------------+-------+-------+-------+-------+-------+-------+-------+-------+-------++-------
Melee: Executioner's axe |     1 |       |       |     2 |     4 |     7 |    14 |    13 |    43 ||    84
  Use: Scroll            |       |       |       |       |       |       |       |       |     2 ||     2
       Potion            |       |       |       |       |       |       |       |       |     2 ||     2
Armor: Leather armour    |       |       |       |       |       |       |       |     2 |     3 ||     5
Dodge: Dodged            |       |       |       |       |       |       |     1 |     1 |    13 ||    15
